 Dungeon Crawl Stone Soup version 0.18.1-48-g4cf74bf (webtiles) character file.

244 FloraKitsune the Bolt Thrower (level 6, -2/34 HPs)
             Began as a Kobold Arcane Marksman on July 31, 2016.
             Slain by an orc
             ... wielding a +0 trident
              (9 damage)
             ... on level 4 of the Dungeon.
             The game lasted 00:09:42 (5072 turns).

FloraKitsune the Bolt Thrower (KoAM)                Turns: 5072, Time: 00:09:43

Health: -2/34      AC:  3    Str: 10    XL:     6   Next: 32%
Magic:  3/7        EV: 15    Int: 11    God:
Gold:   160        SH:  0    Dex: 19    Spells: 2 memorised, 4 levels left

rFire  + + .     SeeInvis .     a - +0 hand crossbow
rCold  + . .     Gourm    .     b - +0 robe
rNeg   . . .     Faith    .     (shield restricted)
rPois  .         Spirit   .     (no helmet)
rElec  .         Dismiss  .     m - +0 cloak
rCorr  .         Reflect  .     (no gloves)
SustAt .         Harm     .     (no boots)
MR     .....                    (no amulet)
Stlth  ++........               o - ring of protection from cold
                                n - ring of protection from fire

@: not resistant to hostile enchantments, unstealthy
A: agile 1, carnivore 3, fire resistance 1
a: no special abilities


You were on level 4 of the Dungeon.
You were very full.

You visited 1 branch of the dungeon, and saw 4 of its levels.

You collected 160 gold pieces.

Inventory:

Hand Weapons
 a - a +0 hand crossbow (weapon)
 g - a +0 dagger
Missiles
 d - 18 bolts (quivered)
Armour
 b - a +0 robe (worn)
 m - a +0 cloak (worn)
Jewellery
 n - a ring of protection from fire (left hand)
 o - a ring of protection from cold (right hand)
Scrolls
 e - a scroll of enchant armour {unknown}
 i - a scroll of blinking {unknown}
 l - 2 scrolls of teleportation {unknown}
 u - a scroll of random uselessness {unknown}
 w - a scroll of immolation {unknown}
 x - a scroll of recharging {unknown}
Potions
 h - a potion of haste {unknown}
 j - a potion of curing
 k - 2 potions of agility
 q - 2 potions of brilliance
 r - 2 potions of lignification
 s - a potion of cancellation
 v - a potion of might {unknown}
Books
 c - a book of Debilitation

   Spells                             Type                      Level
   a - Corona                         Hexes                        1
   b - Slow                           Hexes                        2
   c - Gell's Gravitas                Hexes/Translocation          3
   d - Inner Flame                    Hexes/Fire                   3
   e - Cause Fear                     Hexes                        4
   f - Leda's Liquefaction            Hexes/Earth                  4
Comestibles
 f - 4 meat rations
 p - a royal jelly
 t - a beef jerky


   Skills:
 - Level 1.1 Fighting
 * Level 6.6 Crossbows
 - Level 2.4 Dodging
 - Level 1.0 Spellcasting
 - Level 4.1 Hexes


You had 4 spell levels left.
You knew the following spells:

 Your Spells              Type           Power        Failure   Level  Hunger
a - Corona                Hex            #......      10%         1    ##.....
b - Slow                  Hex            #.......     12%         2    ###....


Dungeon Overview and Level Annotations

Branches:
Dungeon (4/15)
 Temple: D:4-7

Altars:
Dithmenos
Trog
Yredelemnul
The Shining One


Innate Abilities, Weirdness & Mutations

You are small and have problems with some larger weapons.
You are carnivorous and can eat meat at any time.
You are agile. (Dex +2)
Your flesh is heat resistant.


Message History

The orc closely misses you. The orc barely misses you.
You hit the orc.
The orc is severely wounded.
The orc misses you. The orc hits you with a club.
You closely miss the orc.
The orc is severely wounded.
The orc hits you but does no damage.
Casting: Slow
Confirm with . or Enter, or press ? or * to list all spells.
Aiming: Slow
Press: ? - help, Shift-Dir - straight line, f - orc wizard
Aim: an orc wizard, wielding a dagger and wearing a robe (chance to defeat MR: 44%)
The orc wizard resists with some effort.
The orc hits you from afar with a trident.
* * * LOW HITPOINT WARNING * * *
Wield which item (- for none, * to show all)? (? for menu, Esc to quit)
a - a +0 hand crossbow (weapon)
The orc wizard barely misses you.
The orc hits you from afar with a trident!
You die...

##### ##################....
...................###
#########..........#
..............##.#
############.####.##.#
#######..)...@oo......#.##.###
#.......#######.......#.#..#..
#.......# ....._....#.#.##.#
#.......# .....#...##.#.#. #.#
#.......#......[.#....#.# #.#
#.......#....#.#.#.....<#. #.#
#.......#........#.#..#.#. #.#
#######.#..# #####.#..#.#. #.#
#######.#..#... ..#..#.#.##.#


You could see an orc wizard and an orc.

Vanquished Creatures
  An orc priest (D:3)
  Natasha (thrice) (D:2)
  3 adders
  3 gnolls (D:3)
  3 dart slugs
  2 giant geckos
  4 orcs
  5 bats
  4 giant cockroaches
  9 goblins
  7 hobgoblins
  A jackal (D:3)
  2 quokkas
  6 giant newts (D:1)
  18 kobolds
  6 rats
77 creatures vanquished.

Notes
Turn   | Place    | Note
--------------------------------------------------------------
     0 | D:1      | FloraKitsune the Kobold Arcane Marksman began the quest for the Orb.
     0 | D:1      | Reached XP level 1. HP: 12/12 MP: 2/2
   674 | D:1      | Reached XP level 2. HP: 2/16 MP: 1/3
   719 | D:1      | Gained mutation: You are agile. (Dex +2) [potion of beneficial mutation]
   731 | D:1      | Gained mutation: Your flesh is heat resistant. [potion of beneficial mutation]
   923 | D:1      | Learned a level 2 spell: Slow
  1463 | D:1      | Reached XP level 3. HP: 19/20 MP: 4/4
  2040 | D:2      | Noticed Natasha
  2045 | D:2      | Killed Natasha
  2045 | D:2      | Reached skill level 3 in Crossbows
  2045 | D:2      | Reached XP level 4. HP: 25/25 MP: 3/5
  2236 | D:2      | Noticed Natasha
  2242 | D:2      | Killed Natasha
  2242 | D:2      | Reached skill level 4 in Crossbows
  2506 | D:2      | Reached XP level 5. HP: 20/29 MP: 4/6
  2600 | D:2      | Found a shadowy altar of Dithmenos.
  2756 | D:2      | Noticed Natasha
  2768 | D:2      | Killed Natasha
  2768 | D:2      | Reached skill level 5 in Crossbows
  3821 | D:3      | Reached XP level 6. HP: 34/34 MP: 7/7
  4220 | D:2      | Reached skill level 6 in Crossbows
  4616 | D:3      | Found a basalt altar of Yredelemnul.
  4618 | D:3      | Noticed a profane servitor
  4628 | D:3      | Found a glowing golden altar of the Shining One.
  4631 | D:3      | Noticed an angel
  4830 | D:4      | Found a bloodstained altar of Trog.
  5072 | D:4      | Slain by an orc

Skill      XL: |  1  2  3  4  5  6 |
---------------+-------------------+-----
Hexes          | 4 |  4.1
Crossbows      | 3 4 5 6 |  6.6
Fighting       | |  1.1
Dodging        | |  2.4
Spellcasting   | |  1.0

Action                   |  1- 3 |  4- 6 || total
-------------------------+-------+-------++-------
Melee: Dagger            |   121 |   265 ||   386
       Unarmed           |     7 |       ||     7
 Fire: Hand crossbow     |     2 |    28 ||    30
 Cast: Corona            |    14 |    15 ||    29
       Slow              |     5 |    14 ||    19
  Use: Potion            |     3 |       ||     3
       Scroll            |       |     6 ||     6
 Stab: Sleeping          |     1 |     2 ||     3
  Eat: Chunk             |     7 |    17 ||    24
Armor: Robe              |    26 |    58 ||    84
Dodge: Dodged            |    76 |   242 ||   318
